 Dungeon Crawl Stone Soup version 0.22.1-1-ga44c0e5 (webtiles) character file.

119 Fang the Skirmisher (level 5, -1/51 HPs)
             Began as a Gargoyle Berserker on Oct 24, 2018.
             Was a Believer of Trog.
             Slain by a phantom (5 damage)
             ... on level 3 of the Dungeon.
             The game lasted 00:03:04 (2348 turns).

Fang the Skirmisher (Gargoyle Berserker)            Turns: 2348, Time: 00:03:05

Health: -1/51      AC:  6    Str: 28    XL:     5   Next: 3%
Magic:  5/5        EV: 12    Int:  8    God:    Trog [**....]
Gold:   87         SH:  0    Dex:  9    Spells: 4/4 levels left

rFire    . . .     SeeInvis .   a - +0 hand axe
rCold    . . .     Gourm    .   (no shield)
rNeg     + . .     Faith    .   b - +0 animal skin
rPois    ∞         Spirit   .   (no helmet)
rElec    +         Reflect  .   (no cloak)
rCorr    +         Harm     .   (no gloves)
MR       .....                  (no boots)
Stlth    ..........             (no amulet)
HPRegen  0.17/turn              f - +2 ring of strength
MPRegen  0.09/turn              n - ring of resist corrosion

@: berserking, very quick
A: negative energy resistance 1, electricity resistance, unbreathing,
petrification resistance, rot immunity, AC +4
a: Berserk, Trog's Hand, Renounce Religion


You were on level 3 of the Dungeon.
You worshipped Trog.
Trog was pleased with you.
You were hungry.

You visited 1 branch of the dungeon, and saw 3 of its levels.

You collected 87 gold pieces.

Inventory:

Hand Weapons
 a - a +0 hand axe (weapon)
Armour
 b - a +0 animal skin (worn)
Jewellery
 f - a +2 ring of strength (left hand)
 n - a ring of resist corrosion (right hand)
Scrolls
 d - 3 scrolls of teleportation {unknown}
 e - 2 scrolls of enchant weapon {unknown}
 g - 2 scrolls of remove curse {unknown}
 h - 2 scrolls of random uselessness {unknown}
 i - a scroll of immolation {unknown}
 k - a scroll of identify {unknown}
 l - a scroll of enchant armour {unknown}
Potions
 j - a potion of heal wounds {unknown}
 m - 2 potions of lignification {unknown}
 o - a potion of invisibility {unknown}
Comestibles
 c - 7 rations


   Skills:
 + Level 4.3 Fighting
 + Level 3.8 Axes
 + Level 2.3 Armour
 + Level 2.4 Dodging
 + Level 0.3 Stealth


You had 4 spell levels left.
You didn't know any spells.
Your spell library was empty.

Dungeon Overview and Level Annotations

Branches:
Dungeon (3/15)

Altars:
Cheibriados
Wu Jian


Innate Abilities, Weirdness & Mutations

You are resistant to torment.
Your stone body is resilient. (AC +4)
You are immune to poison.
You resist negative energy. (rN+)
You are resistant to electric shocks. (rElec)
You can survive without breathing.
You are immune to petrification.
You are immune to rotting.


Message History

You barely miss the phantom.
The phantom hits you but does no damage.
The hobgoblin hits you but does no damage.
You slash the phantom!
The phantom is lightly damaged.
You hit the hobgoblin but do no damage. The phantom hits you.
* * * LOW HITPOINT WARNING * * *
The hobgoblin hits you with a club.
* * * LOW HITPOINT WARNING * * *
You closely miss the phantom.
The phantom is lightly damaged.
You hit the hobgoblin but do no damage. The phantom hits you.
* * * LOW HITPOINT WARNING * * *
The hobgoblin barely misses you.
Unknown command.
A red film seems to cover your vision as you go berserk!
You feel yourself moving faster!
You feel mighty!
You are feeling hungry.
The phantom hits you.
You die...

#######
#######.....#
#.go...†....#
#@#####.....#
#W# #.....#
#.# #.....#
#.# #.....#
#.# #..)).#
#.# ####.##
#.# #.# #.#
#.# #.# #.#


You could see a phantom, an orc and a hobgoblin.

Vanquished Creatures
  4 adders
  An ooze (D:1)
  2 adder skeletons (D:2)
  2 worms (D:2)
  4 dart slugs
  2 leopard geckos
  2 orcs (D:3)
  5 bats
  6 goblins
  4 hobgoblins
  5 kobolds
  5 frilled lizards
  A giant cockroach zombie (D:2)
  A leopard gecko skeleton (D:2)
  2 leopard gecko zombies (D:2)
  A quokka skeleton (D:2)
  2 quokka zombies (D:2)
  15 rats
64 creatures vanquished.

Notes
Turn   | Place    | Note
-------+----------+-------------------------------------------
     0 | D:1      | Fang the Gargoyle Berserker began the quest for the Orb.
     0 | D:1      | Reached XP level 1. HP: 14/14 MP: 1/1
    20 | D:1      | Reached XP level 2. HP: 11/19 MP: 2/2
   738 | D:1      | Reached XP level 3. HP: 22/24 MP: 3/3
   920 | D:2      | Reached ** piety under Trog
   947 | D:2      | Reached skill level 4 in Fighting
  1258 | D:2      | Reached XP level 4. HP: 17/29 MP: 4/4
  1630 | D:2      | Found an ornate altar of the Wu Jian Council.
  1630 | D:2      | Found a snail-covered altar of Cheibriados.
  2312 | D:3      | Noticed a phantom
  2315 | D:3      | Reached XP level 5. HP: 27/33 MP: 5/5
  2348 | D:3      | Slain by a phantom

Skill      XL: |  1  2  3 |
---------------+----------+-----
Axes           | 3 |  3.8
Dodging        | 2 |  2.4
Fighting       | 4 |  4.3
Armour         | |  2.3
Stealth        | |  0.3

Action                   |  1- 3 |  4- 6 || total
-------------------------+-------+-------++-------
Melee: Hand axe          |   114 |   106 ||   220
Invok: Berserk           |     1 |     2 ||     3
  Eat: Chunk             |     2 |     5 ||     7
Armor: Animal skin       |    45 |    35 ||    80
Dodge: Dodged            |    67 |    71 ||   138
